 Dungeon Crawl Stone Soup version 0.27.1-4-g1640c2035a (webtiles) character file.

Game seed: 3733619685747578342

223 raph the Grave Robber (level 6, -1/43 HPs)
             Began as a Human Necromancer on Nov 7, 2021.
             Slain by a gnoll (6 damage)
             ... on level 2 of the Dungeon.
             The game lasted 00:09:29 (5122 turns).

raph the Grave Robber (Human Necromancer)           Turns: 5122, Time: 00:09:29

Health: -1/43      AC:  4    Str:  8    XL:     6   Next: 20%
Magic:  0/9        EV: 11    Int: 18    God:
Gold:   34         SH:  4    Dex: 13    Spells: 3/9 levels left

rFire    . . .     SeeInvis .   b - +0 dagger
rCold    . . .     Faith    .   c - +0 buckler
rNeg     . . .     Spirit   .   k - +0 leather armour
rPois    .         Reflect  .   i - +0 helmet
rElec    .         Harm     .   (no cloak)
rCorr    .         Rampage  .   (no gloves)
Will     .....                  (no boots)
Stlth    ++........             (no amulet)
HPRegen  0.14/turn              (no ring)
MPRegen  0.11/turn              (no ring)

@: very slightly contaminated
A: no striking features
a: no special abilities


You were on level 2 of the Dungeon.
You visited 1 branch of the dungeon, and saw 3 of its levels.

You collected 70 gold pieces.
You spent 36 gold pieces at shops.

Inventory:

Hand Weapons
 b - a +0 dagger (weapon)
Missiles
 e - 14 poisoned darts
Armour
 a - a +0 robe
 c - a +0 buckler (worn)
 i - a +0 helmet (worn)
 k - a +0 leather armour (worn)
Scrolls
 g - a scroll of teleportation
 h - 4 scrolls of identify
Potions
 f - 4 potions of curing
 j - a potion of berserk rage


   Skills:
 - Level 1.0 Fighting
 - Level 2.3 Dodging
 - Level 2.4 Stealth
 + Level 3.0 Shields
 - Level 2.3 Spellcasting
 + Level 5.3 Necromancy
 + Level 0.6 Ice Magic


You had 3 spell levels left.
You knew the following spells:

 Your Spells              Type           Power      Damage    Failure   Level
a - Pain                  Necr           84%        1d8       3%          1
b - Animate Skeleton      Necr           42%        N/A       3%          1
c - Vampiric Draining     Necr           10%        2d7       10%         3
d - Freeze                Ice            16%        1d4       22%         1

Your spell library contained the following spells:

 Spells                   Type           Power      Damage    Failure   Level
 Sublimation of Blood     Necr           10%        N/A       4%          2
 Wereblood                Tmut           2%         N/A       41%         2
 Frozen Ramparts          Ice            8%         1d2       54%         3
 Animate Dead             Necr           10%        N/A       30%         4
 Agony                    Necr           21%        N/A       65%         5
 Hailstorm                Conj/Ice       3%         3d3       94%         4
 Ice Form                 Ice/Tmut       3%         N/A       94%         4
 Summon Ice Beast         Ice/Summ       3%         N/A       94%         4
 Summon Hydra             Summ           1%         N/A       100%        7


Dungeon Overview and Level Annotations

Branches:
Dungeon (3/15)

Altars:

Shops:
D:2 !


Message History

You struggle against the net.
The gnoll hits you from afar with a +0 spear!
You struggle against the net.
You rip the net and break free!
A gnoll comes into view. It is wielding a +0 spear.
The gnoll sergeant hits you from afar with a +0 spear!
The gnoll shouts!
There is a stone staircase leading up here.
The gnoll barely misses you. The gnoll sergeant closely misses you.
There is a stone staircase leading up here.
You block the gnoll's attack.
The gnoll sergeant hits you from afar with a +0 spear!
You climb upwards.
There is a stone staircase leading down here.
Casting: Vampiric Draining (dangerous; 10% risk of failure)
Confirm with . or Enter, or press ? or * to list all spells.
Aiming: Vampiric Draining (dangerous; 10% risk of failure)
Press: ? - help, Shift-Dir - straight line, f - gnoll
Aim: a gnoll, wielding a +0 flail You miscast Vampiric Draining.
You are very lightly contaminated with residual magic.
Nothing appears to happen.
The gnoll hits you with a +0 flail!
* * * LOW HITPOINT WARNING * * *
Casting: Vampiric Draining (dangerous; 10% risk of failure)
Confirm with . or Enter, or press ? or * to list all spells.
Aiming: Vampiric Draining (dangerous; 10% risk of failure)
Press: ? - help, Shift-Dir - straight line, f/p - gnoll
Aim: a gnoll, wielding a +0 flail You miscast Vampiric Draining.
Nothing appears to happen.
The gnoll hits you with a +0 flail.
* * * LOW HITPOINT WARNING * * *
Casting: Vampiric Draining (dangerous; 10% risk of failure)
Confirm with . or Enter, or press ? or * to list all spells.
Aiming: Vampiric Draining (dangerous; 10% risk of failure)
Press: ? - help, Shift-Dir - straight line, f/p - gnoll
Aim: a gnoll, wielding a +0 flail You draw life force from the gnoll.
You feel life coursing into your body. The gnoll closely misses you.
The gnoll hits you with a +0 flail.
You die...

#..######## #.##..##..##
#.#........##
#...........##
#............# ###
#.#.)......#.# #### ..##
##.#........#.# #.(b
#..#####........g....#
#.##
#...............@....# #.#
#..#####..#........#.# #.#
#..# #..##..##..##.## #.#
...#
#..##.##.....#.########.##
##.#
##.##....#.#..............
#.#
#.#####.#.#..############
#.# #.......#.#..# #.. #.#
####†####.#..# #.# ##.###
#.# #.#..##########.#


You could see a gnoll.

Vanquished Creatures
  3 gnolls (D:3)
  7 adders
  2 worms
  A dart slug (D:1)
  3 fire bats (D:3)
  An orc (D:3)
  9 ball pythons
  A bat skeleton (D:3)
  4 endoplasms
  2 giant cockroaches
  2 goblins
  6 hobgoblins
  5 kobolds
  4 quokkas
  13 bats
  3 frilled lizards
  A rat (D:3)
67 creatures vanquished.

Vanquished Creatures (collateral kills)
  2 bats (D:3)
  2 bat skeletons (D:3)
  An endoplasm (D:2)
5 creatures vanquished.

Grand Total: 72 creatures vanquished

Notes
Turn   | Place    | Note
-------+----------+-------------------------------------------
     0 | D:1      | raph the Human Necromancer began the quest for the Orb.
     0 | D:1      | Reached XP level 1. HP: 13/13 MP: 3/3
   218 | D:1      | Learned a level 1 spell: Animate Skeleton
   339 | D:1      | Reached XP level 2. HP: 16/20 MP: 0/5
   991 | D:1      | Found a faded altar of an unknown god.
  1528 | D:1      | Reached XP level 3. HP: 24/25 MP: 4/6
  1772 | D:1      | Learned a level 3 spell: Vampiric Draining
  1826 | D:2      | Found Duto Diz's Distillery.
  1832 | D:2      | Bought a potion of curing for 36 gold pieces
  2565 | D:2      | Reached skill level 1 in Fighting
  2692 | D:2      | Reached skill level 1 in Shields
  2692 | D:2      | Reached XP level 4. HP: 29/32 MP: 0/7
  3564 | D:3      | Reached XP level 5. HP: 2/37 MP: 1/8
  4275 | D:3      | Reached skill level 5 in Necromancy
  4417 | D:3      | Reached XP level 6. HP: 42/43 MP: 9/9
  4419 | D:3      | Learned a level 1 spell: Freeze
  5120 | D:2      | HP: 2/43 [gnoll (6)]
  5122 | D:2      | Slain by a gnoll

Illustrated notes

Levels and vault maps discovered:
D:1:      lightli_arrival_windingriver, layout_basic,
          ebering_ecumenical_altar_petrified, minmay_tetromino_o4
D:2:      layout_loops_ring, serial_shops, shop, st_stairs_5, minmay_door_square
D:3:      kennysheep_the_goblin_king, layout_rooms, serial_curves,
          eino_curves_01, eino_curves_03, eino_curves_01, goddamned_bats

Skill      XL: |  1  2  3  4  5  6 |
---------------+-------------------+-----
Fighting       | 1 |  1.0
Shields        | 1 2 3 |  3.0
Necromancy     | 5 |  5.3
Dodging        | |  2.3
Stealth        | |  2.4
Spellcasting   | |  2.3
Ice Magic      | |  0.6

Action                   |  1- 3 |  4- 6 || total
-------------------------+-------+-------++-------
Melee: Dagger            |    12 |   131 ||   143
Throw: Dart              |       |     1 ||     1
 Cast: Pain              |    72 |    46 ||   118
       Animate Skeleton  |     5 |     6 ||    11
       Vampiric Draining |       |     9 ||     9
  Use: Potion            |       |     1 ||     1
       Scroll            |       |     3 ||     3
 Stab: Sleeping          |     2 |     3 ||     5
Armor: Robe              |    13 |     4 ||    17
       Leather armour    |       |    83 ||    83
Dodge: Dodged            |    32 |   152 ||   184
Block: Buckler           |     3 |    64 ||    67
